 Dungeon Crawl Stone Soup version 0.21-a0-401-g0b6bec4 (webtiles) character file.

2394 grizmgrazm2 the Changer (level 9, -4/69 HPs)
             Began as a Merfolk Transmuter on Oct 22, 2017.
             Was an Initiate of Ashenzari.
             Killed from afar by an electric eel (16 damage)
             ... with a bolt of electricity
             ... on level 7 of the Dungeon.
             The game lasted 00:24:32 (6841 turns).

grizmgrazm2 the Changer (Merfolk Transmuter)        Turns: 6841, Time: 00:24:33

Health: -4/69      AC:  6    Str: 11    XL:     9   Next: 46%
Magic:  11/17      EV: 14    Int: 15    God:    Ashenzari [......]
Gold:   260        SH:  4    Dex: 14    Spells: 12/18 levels left

rFire    + . .     SeeInvis .   A - +0 trident
rCold    . . .     Gourm    .   B - +0 buckler
rNeg     . . .     Faith    .   J - +0 leather armour {rF+} (curse)
rPois    .         Spirit   .   (no helmet)
rElec    .         Reflect  .   I - +0 cloak
rCorr    .         Harm     .   z - +0 pair of gloves
MR       +....                  G - +0 pair of boots
Stlth    ++........             t - amulet of regeneration (curse)
HPRegen  0.61/turn              l - ring of protection from magic (curse)
MPRegen  0.15/turn              r - ring of wizardry

@: appendage
A: change form in water, swift swim, stealthy swim, horns 2
a: End Transformation, Curse Item, Renounce Religion


You were on level 7 of the Dungeon.
You worshipped Ashenzari.
Ashenzari was noncommittal.
You were not hungry.
You had grown temporary horns.
You visited 2 branches of the dungeon, and saw 8 of its levels.

You collected 260 gold pieces.

Inventory:

Hand Weapons
 o - a +0 dagger of venom
 A - a +0 trident (weapon)
 H - a +2 quarterstaff of chaos
Missiles
 a - 48 arrows
 f - 8 tomahawks (quivered)
Armour
 z - a +0 pair of gloves (worn)
 B - a +0 buckler (worn)
 G - a +0 pair of boots (worn)
 I - a +0 cloak (worn)
 J - a cursed +0 leather armour of fire resistance (worn)
Jewellery
 l - a cursed ring of protection from magic (left hand)
 r - a ring of wizardry (right hand)
 t - a cursed amulet of regeneration (around neck)
Wands
 e - a wand of acid (2/15)
 L - a wand of flame (27/48)
Scrolls
 b - a scroll of random uselessness {unknown}
 g - 4 scrolls of teleportation
 i - 4 scrolls of identify
 j - a scroll of fear {unknown}
 m - 4 scrolls of fog {unknown}
 q - 5 scrolls of enchant armour {unknown}
 s - 2 scrolls of recharging {unknown}
 v - 3 scrolls of noise {unknown}
 y - 2 scrolls of enchant weapon {unknown}
 E - a scroll of immolation {unknown}
Potions
 h - 2 potions of agility
 n - 3 potions of flight
 u - 5 potions of curing
 w - 3 potions of brilliance
 x - 2 potions of haste {unknown}
 C - 3 potions of might
 D - a potion of mutation {unknown}
 F - a potion of cancellation
Books
 c - a book of Changes

   Spells                             Type                      Level
   a - Beastly Appendage              Transmutation                1
   b - Sticks to Snakes               Transmutation                2
   c - Spider Form                    Transmutation/Poison         3
   d - Ice Form                       Ice/Transmutation            4
   e - Blade Hands                    Transmutation                5
Comestibles
 d - 3 bread rations
 k - 2 royal jellies
 p - 6 meat rations


   Skills:
 * Level 6.0 Fighting
 + Level 5.1 Short Blades
 + Level 2.4 Polearms
 + Level 1.1 Throwing
 + Level 1.4 Armour
 + Level 5.8 Dodging
 + Level 3.3 Stealth
 + Level 0.8 Shields
 + Level 4.5 Unarmed Combat
 + Level 5.4 Spellcasting
 + Level 7.0 Transmutations
 + Level 0.3 Poison Magic


You had 12 spell levels left.
You knew the following spells:

 Your Spells              Type           Power        Failure   Level  Hunger
a - Beastly Appendage     Tmut           ####..       1%          1    None
b - Sticks to Snakes      Tmut           ####....     1%          2    #......
c - Spider Form           Tmut/Pois      ###.......   9%          3    ###....


Dungeon Overview and Level Annotations

Branches:
Dungeon (7/15)             Temple (1/1) D:6

Altars:
Ashenzari
Dithmenos
Elyvilon
Fedhas
Hepliaklqana
Makhleb
Nemelex Xobeh
Qazlal
Sif Muna
Trog
Uskayaw
Vehumet
Xom
Yredelemnul
Zin
The Shining One


Innate Abilities, Weirdness & Mutations

You revert to your normal form in water.
You are very nimble and swift while swimming.
You are very stealthy in the water. (Stealth+)
You have a pair of horns on your head.


Message History

The bolt of electricity misses you.
You puncture the electric eel!
The electric eel is heavily wounded.
Your ball python bites the plant but does no damage.
Your ball python grabs the plant.
Your ball python constricts the plant.
The electric eel shoots out a bolt of lightning at you!
The bolt of electricity misses you.
The bolt of electricity hits the plant.
Casting: Sticks to Snakes
Confirm with . or Enter, or press ? or * to list all spells.
You grow a pair of large bovine horns.
Your ball python bites the plant but does no damage.
Your ball python constricts the plant.
You barely miss the electric eel.
You headbutt the electric eel, but do no damage.
The electric eel is heavily wounded.
Your ball python bites the plant but does no damage.
Your ball python constricts the plant.
Your adder bites the electric eel.
The electric eel shoots out a bolt of lightning at you!
The bolt of electricity hits you!
You die...

♣P≈♣## ≈≈≈≈≈≈≈PP♣♣###
≈≈≈≈≈≈≈P≈P≈♣♣≈#
≈≈≈≈≈≈≈≈≈≈≈P≈≈♣##
≈≈P≈PP≈≈≈P≈≈≈≈≈≈#
P..≈♣P≈≈≈P≈≈P≈≈## ...
..≈..≈≈≈≈P≈♣≈≈## ..
.............### ♣≈
P......S@....# ♣#.
≈♣P≈≈≈≈≈≈;PS...#
...####≈♣≈≈≈≈P≈≈PP♣..#
#.#....♣≈P≈♣♣≈≈♣≈#.##
#.......♣♣ ♣♣♣♣##.#
#.....†..♣♣♣ #..#
#.Y.....#..######.##
#.......#.........#
#.......#..########


You could see an electric eel, a friendly adder and a friendly ball python.

Vanquished Creatures
  Pikel (D:5)
  Eustachio (D:6)
  An ice beast (D:7)
  An ogre (D:7)
  A black bear (D:6)
  A phantom (D:4)
  A sky beast (D:4)
  2 crimson imps (D:5)
  A centaur zombie (D:6)
  A bullfrog zombie (D:6)
  A jelly (D:6)
  2 hounds (D:4)
  Crazy Yiuf (D:5)
  A bullfrog skeleton (D:5)
  Jessica (D:3)
  2 orc wizards
  2 iguanas
  2 worker ants
  7 adders
  2 shadow imps
  2 adder skeletons
  3 worms
  A dart slug (D:1)
  5 leopard geckos
  14 orcs
  5 ball pythons
  4 bats
  3 giant cockroaches
  6 goblins
  5 hobgoblins
  12 jackals
  7 kobolds
  3 quokkas
  5 frilled lizards
  2 jackal zombies
  A leopard gecko zombie (D:6)
  7 rats
117 creatures vanquished.

Vanquished Creatures (collateral kills)
  The ghost of Kavrick the Poker, a novice DsGl of Ru (D:6)
  Prince Ribbit (D:6)
  Grinder (D:5)
  A crimson imp (D:7)
  An orc wizard (D:6)
  2 worker ants
  A howler monkey zombie (D:6)
  An orc (D:6)
  A quokka (D:6)
10 creatures vanquished.

Vanquished Creatures (others)
  A scorpion (D:5)
  A quokka zombie (D:5)
2 creatures vanquished.

Grand Total: 129 creatures vanquished

Notes
Turn   | Place    | Note
-------+----------+-------------------------------------------
     0 | D:1      | grizmgrazm2 the Merfolk Transmuter began the quest for the Orb.
     0 | D:1      | Reached XP level 1. HP: 15/15 MP: 3/3
   200 | D:1      | Reached XP level 2. HP: 21/21 MP: 5/5
   667 | D:1      | Learned a level 2 spell: Sticks to Snakes
  1091 | D:2      | Reached XP level 3. HP: 10/26 MP: 4/6
  1099 | D:2      | Reached skill level 3 in Transmutations
  1108 | D:2      | HP: 1/26 [bat (1)]
  1496 | D:2      | Reached XP level 4. HP: 32/32 MP: 7/7
  1568 | D:2      | Found a sparkling altar of Nemelex Xobeh.
  1634 | D:2      | Reached skill level 1 in Throwing
  2257 | D:3      | Reached skill level 1 in Short Blades
  2370 | D:3      | Noticed Jessica
  2378 | D:3      | Killed Jessica
  2378 | D:3      | Reached XP level 5. HP: 10/38 MP: 6/9
  3124 | D:3      | Learned a level 3 spell: Spider Form
  3539 | D:4      | Reached XP level 6. HP: 45/45 MP: 5/10
  3546 | D:4      | Noticed a sky beast
  3558 | D:4      | Killed a sky beast
  3558 | D:4      | Reached skill level 1 in Stealth
  3558 | D:4      | Reached skill level 4 in Transmutations
  3721 | D:4      | Found a hazy altar of Hepliaklqana.
  3722 | D:4      | Found a shimmering altar of Xom.
  3723 | D:4      | Noticed a spectral ugly thing
  3774 | D:4      | Noticed a phantom
  3792 | D:4      | Reached skill level 1 in Polearms
  4091 | D:4      | Killed a phantom
  4091 | D:4      | Reached XP level 7. HP: 36/52 MP: 2/12
  4130 | D:4      | Found a white marble altar of Elyvilon.
  4430 | D:5      | Entered Level 5 of the Dungeon
  4515 | D:5      | Reached skill level 5 in Transmutations
  4557 | D:5      | Found a burning altar of Makhleb.
  4700 | D:5      | Noticed Pikel
  4733 | D:5      | Killed Pikel
  4733 | D:5      | Reached XP level 8. HP: 30/61 MP: 12/14
  4848 | D:5      | Noticed Grinder
  4860 | D:5      | Paralysed by Grinder for 6 turns
  4871 | D:5      | Killed Grinder
  4871 | D:5      | Reached skill level 5 in Dodging
  4871 | D:5      | Reached skill level 6 in Transmutations
  5091 | D:5      | Found a runed door.
  5095 | D:5      | Noticed Crazy Yiuf
  5104 | D:5      | Killed Crazy Yiuf
  5345 | D:6      | Found a deep blue altar of Sif Muna.
  5383 | D:6      | Noticed Eustachio
  5388 | D:6      | Noticed Prince Ribbit
  5397 | D:6      | Killed Eustachio
  5397 | D:6      | Reached skill level 5 in Fighting
  5404 | D:6      | Killed Prince Ribbit
  5510 | D:6      | Reached XP level 9. HP: 25/68 MP: 13/16
  5703 | D:6      | Reached skill level 5 in Spellcasting
  5818 | D:6      | Found a staircase to the Ecumenical Temple.
  5824 | Temple   | Entered the Ecumenical Temple
  5965 | Temple   | Became a worshipper of Ashenzari the Shackled
  6179 | D:6      | Noticed Kavrick's ghost (novice DsGl)
  6214 | D:6      | Killed Kavrick's ghost
  6214 | D:6      | Reached skill level 1 in Armour
  6405 | D:6      | Found a stormy altar of Qazlal.
  6691 | D:7      | Reached skill level 5 in Short Blades
  6724 | D:7      | Reached skill level 7 in Transmutations
  6841 | D:7      | Killed from afar by an electric eel

Vault maps used:
D:1:      dpeg_arrival_concentric_ovals, st_stairs_10
D:2:      nemelex_altar_shiori, grunt_ministairs_8
D:3:      first_bread, uniq_jessica
D:4:      regret_index_temple_of_mockery, elyvilon_altar_5,
          minmay_goblin_kobold_house
D:5:      makhleb_grotto_becter, uniq_crazy_yiuf_cottage, uniq_grinder,
          uniq_pikel
D:6:      nicolae_overflow_crystal_walls, lemuel_coloured_pillars_altar,
          minmay_temple_entry_enclosed_plants, uniq_prince_ribbit1,
          uniq_eustachio
D:7:      kb_forest_paths, overflow_temple_1_default, serial_bayou_ford_a,
          hangedman_abyss_or_decor_passed
Temple:   compressed_dpeg_triangle_lava_temple

Skill      XL: |  1  2  3  4  5  6  7  8  9 |
---------------+----------------------------+-----
Unarmed Combat | 4 |  4.5
Dodging        | 3 4 5 |  5.8
Transmutations | 3 4 5 6 7 |  7.0
Throwing       | 1 |  1.1
Short Blades   | 1 2 4 5 |  5.1
Fighting       | 2 3 4 5 6 |  6.0
Stealth        | 1 2 3 |  3.3
Spellcasting   | 3 4 5 |  5.4
Polearms       | 1 2 |  2.4
Armour         | 1 |  1.4
Shields        | |  0.8
Poison Magic   | |  0.3

Action                   |  1- 3 |  4- 6 |  7- 9 || total
-------------------------+-------+-------+-------++-------
Melee: Unarmed           |    13 |       |    18 ||    31
       Dagger            |    43 |   209 |   200 ||   452
       Headbutt          |     6 |    27 |    34 ||    67
       Punch             |     1 |     7 |       ||     8
       Trident           |       |    15 |    48 ||    63
Throw: Tomahawk          |    26 |     7 |       ||    33
 Cast: Beastly Appendage |    12 |    28 |    19 ||    59
       Sticks to Snakes  |       |    13 |    27 ||    40
       Spider Form       |       |       |     3 ||     3
Invok: Curse Item        |       |       |     3 ||     3
  Use: Potion            |     1 |     1 |     3 ||     5
       Scroll            |       |       |     9 ||     9
 Stab: Sleeping          |     1 |       |     4 ||     5
       Distracted        |       |     1 |     2 ||     3
  Eat: Chunk             |     2 |     7 |     2 ||    11
       Fruit             |       |     3 |     1 ||     4
       Bread ration      |       |       |     2 ||     2
Armor: Robe              |     7 |    20 |    22 ||    49
       Leather armour    |       |       |    27 ||    27
Dodge: Dodged            |    52 |   157 |   131 ||   340
Block: Buckler           |       |       |    23 ||    23

Table legend:
 A = Spawn XP
 B = Non-spawn XP
 C = Spawn XP percentage of total XP
 D = Spawn monster count
 E = Non-spawn monster count
 F = Spawn count percentage of total count
 G = Total turns spent on level
                    A         B        C        D         E        F      G
               +---------+---------+-------+---------+---------+-------+---------
         Total |       0 |    3421 |   0.0 |       0 |     127 |   0.0 |  6841
               +---------+---------+-------+---------+---------+-------+---------
           D:1 |       0 |      22 |   0.0 |       0 |      12 |   0.0 |   968
           D:2 |       0 |      97 |   0.0 |       0 |      25 |   0.0 |  1041
           D:3 |       0 |     175 |   0.0 |       0 |      37 |   0.0 |  1711
           D:4 |       0 |     415 |   0.0 |       0 |      14 |   0.0 |   710
           D:5 |       0 |    1107 |   0.0 |       0 |      14 |   0.0 |   914
           D:6 |       0 |    1260 |   0.0 |       0 |      21 |   0.0 |  1119
           D:7 |       0 |     345 |   0.0 |       0 |       4 |   0.0 |   215
               +---------+---------+-------+---------+---------+-------+---------
